[Event "*** SCC Grand Prix: Titled Tuesday Blitz"]
[Site "Chess.com"]
[Date "2020.09.29"]
[Round "6"]
[White "KingHarii"]
[Black "kleopl"]
[Result "1-0"]
[WhiteElo "2707"]
[BlackElo "2472"]
[TimeControl "180+1"]
[EndTime "11:03:31 PDT"]
[Termination "KingHarii won by resignation"]

1. d4 f5 2. c4 Nf6 3. Nc3 d6 4. g3 g6 5. Bg2 Bg7 6. Nf3 O-O 7.
O-O Qe8 8. Qb3 e6 9. Re1 h6 10. e4 fxe4 11. Nxe4 Nxe4 12. Rxe4 Nc6 13. d5 Ne5 14. Nxe5 dxe5 15. Be3 exd5 16. cxd5 Kh7 17. Rc1 Qf7 18. Rec4 c6 19. dxc6 bxc6 20. Rxc6 Qxb3 21.
axb3 Bf5 22. Rc7 Rab8 23. Rxa7 Rfc8 24. Rxc8 Rxc8 25. h3 e4 26. Bd4 Rg8 27. g4 Be6 28.
b4 Bd5 29. b5 Kh8 30. Rxg7 Rxg7 31. b6 Kg8 32. Bxg7 Kxg7 33. Kf1 Kf6 34. Ke2 Ke5 35. Ke3 g5 36. Bf1 Bb7 37. b4 Kd6 38. Bc4 Kc6 39. Kxe4 Kxb6+ 40. Kf5 Bg2 41. Kg6 Bxh3 42. Be2 1-0

[Event "*** SCC Grand Prix: Titled Tuesday Blitz"]
[Site "Chess.com"]
[Date "2020.09.29"]
[Round "6"]
[White "Nadeev_Sergey"]
[Black "ChrisTool2"]
[Result "0-1"]
[WhiteElo "2446"]
[BlackElo "2340"]
[TimeControl "180+1"]
[EndTime "11:03:33 PDT"]
[Termination "ChrisTool2 won by checkmate"]

1. e4 c5 2. Nf3 d6 3. d4 cxd4 4. Nxd4 Nf6 5. Nc3 g6 6. Be3 Bg7 7. Bc4 O-O 8. f3 Nc6 9. Qd2 Bd7 10. O-O-O Rc8 11. Bb3 Ne5 12. h4 h5 13. Bg5 Nc4 14. Bxc4 Rxc4 15. Nde2 b5 16. e5 b4 17. exf6 bxc3 18. Nxc3 exf6 19. Be3 Be6 20. Qxd6 Qa5 21.
Rd5 Bxd5 22. Qxd5 Qc7 23. Rd1 Rxc3 24. bxc3 Qxc3 25. Rd3 Qe1+ 26. Kb2 Rb8+ 27. Ka3 Qb4# 0-1

[Event "*** SCC Grand Prix: Titled Tuesday Blitz"]
[Site "Chess.com"]
[Date "2020.09.29"]
[Round "6"]
[White "manitodeplomo"]
[Black "eljanov"]
[Result "0-1"]
[WhiteElo "2589"]
[BlackElo "2813"]
[TimeControl "180+1"]
[EndTime "11:03:38 PDT"]
[Termination "eljanov won by resignation"]

1. d4 Nf6 2. c4 e6 3. Nf3 b6 4. g3 Bb7 5. Bg2 Be7 6. Nc3 Ne4 7. Bd2 Bf6 8. Qc2 Nxd2 9. Qxd2 O-O 10. e4 d6 11. O-O Nc6 12. Rad1 g6 13. Rfe1 Bg7 14. d5 Ne5 15. Nxe5 Bxe5 16. f4 Bg7 17. e5 dxe5 18. fxe5 Qe7 19. d6 cxd6 20. exd6 Qd7 21. Bxb7 Qxb7 22. d7 Rfd8 23. Ne4 a6 24. b4 Ra7 25. c5 Rxd7 26. Qxd7 Qxd7 27. Rxd7 Rxd7 28. c6 Rc7 29. Rc1 Kf8 30. a4 f5 31. Nd2 Bh6 0-1

[Event "*** SCC Grand Prix: Titled Tuesday Blitz"]
[Site "Chess.com"]
[Date "2020.09.29"]
[Round "6"]
[White "SharapovEvgeny"]
[Black "BAS8892"]
[Result "1/2-1/2"]
[WhiteElo "2481"]
[BlackElo "2665"]
[TimeControl "180+1"]
[EndTime "11:03:38 PDT"]
[Termination "Game drawn by agreement"]

1. c4 Nf6 2. Nc3 g6 3. g3 Bg7 4. Bg2 O-O 5. e3 d6 6. Nge2 c5 7. O-O Nc6 8. d4 Bg4 9. h3 Bxe2 10. Nxe2 Nd7 11. b3 cxd4 12. exd4 a5 13. Be3 a4 14. Rb1 axb3 15. axb3 Qa5 16. Ra1 Qb4 17. Qc2 Rfc8 18. Ra2 Rxa2 19. Qxa2 e5 20. Rd1 exd4 21. Nxd4 Nxd4 22.
Bxd4 Bxd4 23. Rxd4 Nc5 24. Qd2 Qxd2 25. Rxd2 Rd8 26. b4 Na6 27. Bxb7 Nxb4 28. c5 Rd7 29. c6 Rc7 30. Rxd6 Kf8 31. Rd4 Nxc6 32. Bxc6 Rxc6 33. h4 h5 1/2-1/2

[Event "*** SCC Grand Prix: Titled Tuesday Blitz"]
[Site "Chess.com"]
[Date "2020.09.29"]
[Round "6"]
[White "davidkalashian"]
[Black "Nikithebest"]
[Result "1-0"]
[WhiteElo "2582"]
[BlackElo "2424"]
[TimeControl "180+1"]
[EndTime "11:03:40 PDT"]
[Termination "davidkalashian won by resignation"]

1. d4 Nf6 2. c4 c5 3. Nf3 cxd4 4. Nxd4 e5 5. Nb5 d5 6. cxd5 Bc5 7. N5c3 O-O 8. g3 e4 9. Bg2 Re8 10. O-O Bf5 11. Be3 Bxe3 12. fxe3 Qb6 13. Rxf5 Qxb2 14.
Qd2 Qxa1 15. Rf1 Rc8 16. Rc1 Nbd7 17. Na3 Qxc1+ 18. Qxc1 Nxd5 19. Nab1 Nxc3 20. Nxc3 Rc4 21. Qd2 Nf6 22. h3 Rac8 23. Nd5 Nxd5 24. Qxd5 1-0

[Event "*** SCC Grand Prix: Titled Tuesday Blitz"]
[Site "Chess.com"]
[Date "2020.09.29"]
[Round "6"]
[White "Sethu0025"]
[Black "M1711"]
[Result "1-0"]
[WhiteElo "2776"]
[BlackElo "2485"]
[TimeControl "180+1"]
[EndTime "11:03:41 PDT"]
[Termination "Sethu0025 won by resignation"]

1. d4 d5 2. c4 c6 3. Nf3 Nf6 4. Nc3 dxc4 5. e4 b5 6. Be2 e6 7.
Qc2 Bb7 8. O-O Be7 9. b3 b4 10. Na4 c3 11. Nc5 Bxc5 12. dxc5 Qe7 13. Bf4 e5 14.
Bxe5 Qxc5 15. a3 bxa3 16. Rfd1 Nbd7 17. Bd6 Qb6 18. Bc4 O-O-O 19. e5 Nd5 20. Bxd5 cxd5 21. Qxc3+ Qc6 22. Rdc1 Nb8 23. Qd2 Kd7 24. Rxc6 Nxc6 25. Rxa3 a5 26. Qxd5 f6 1-0

[Event "*** SCC Grand Prix: Titled Tuesday Blitz"]
[Site "Chess.com"]
[Date "2020.09.29"]
[Round "6"]
[White "fighter2jz"]
[Black "SRDR8290"]
[Result "1-0"]
[WhiteElo "2646"]
[BlackElo "2466"]
[TimeControl "180+1"]
[EndTime "11:03:41 PDT"]
[Termination "fighter2jz won by resignation"]

1. e4 e6 2. d4 d5 3. Nc3 Bb4 4.
e5 c5 5. a3 Bxc3+ 6. bxc3 Ne7 7. Qg4 O-O 8. Bd3 f5 9. exf6 Rxf6 10. Bg5 Nd7 11. Qh4 h6 12. Bxf6 Nxf6 13. Nf3 c4 14. Be2 Qa5 15. O-O Qxc3 16. Ra2 Bd7 17. Qf4 Nf5 18. g4 Ne7 19. g5 hxg5 20. Qxg5 Nf5 21.
Kh1 Nxd4 22. Rg1 Ne8 23. Qh5 Nf6 24. Qg6 Ne8 25. Ng5 Nf5 26. Qf7+ Kh8 27. Qxd7 1-0

[Event "*** SCC Grand Prix: Titled Tuesday Blitz"]
[Site "Chess.com"]
[Date "2020.09.29"]
[Round "6"]
[White "northridgehawk"]
[Black "MPGM"]
[Result "1-0"]
[WhiteElo "2327"]
[BlackElo "2418"]
[TimeControl "180+1"]
[EndTime "11:03:41 PDT"]
[Termination "northridgehawk won by checkmate"]

1. e4 f5 2. exf5 Kf7 3. d4 g6 4.
fxg6+ Kg7 5. gxh7 Rxh7 6. Nf3 Nf6 7. Bd3 Rh8 8. Nc3 d6 9. O-O Kg8 10. Ng5 Nc6 11. Be3 Qe8 12. d5 Ne5 13. Bd4 Nfg4 14. h3 Qh5 15. Ne6 Bxe6 16. dxe6 Bg7 17. Be2 Qh4 18. Bxg4 Nxg4 19. Bxg7 Nxf2 20. Rxf2 Kxg7 21.
Rf7+ Kg8 22. Qf3 Rh7 23. Rf1 Qd4+ 24. Kh1 Rg7 25. Nd5 Qh4 26. Rxg7+ Kxg7 27. Qf7+ Kh6 28. Nxe7 Rh8 29. Qg6# 1-0

[Event "*** SCC Grand Prix: Titled Tuesday Blitz"]
[Site "Chess.com"]
[Date "2020.09.29"]
[Round "6"]
[White "Kislov_Oleg"]
[Black "paulrusan"]
[Result "1-0"]
[WhiteElo "2358"]
[BlackElo "2263"]
[TimeControl "180+1"]
[EndTime "11:03:41 PDT"]
[Termination "Kislov_Oleg won by checkmate"]

1. e4 g6 2. d4 Bg7 3. Nc3 d6 4. Be3 a6 5. Qd2 b5 6. f3 Bb7 7. Nh3 Nd7 8. Nf2 Rc8 9. a3 c5 10. d5 Ngf6 11. Bh6 O-O 12. h4 Re8 13. Bxg7 Kxg7 14. h5 Nxh5 15. g4 Nhf6 16. Qh6+ Kg8 17. g5 Nh5 18. Bh3 Ne5 19. Bg4 f6 20. gxf6 Nxf6 21. Be6+ Nf7 22. Ng4 Nh5 23. Rxh5 gxh5 24. Qxh5 Rf8 25. Nh6+ Kg7 26. Nxf7 Qe8 27. Qg5# 1-0

[Event "*** SCC Grand Prix: Titled Tuesday Blitz"]
[Site "Chess.com"]
[Date "2020.09.29"]
[Round "6"]
[White "Snowflake"]
[Black "Larina_Marija"]
[Result "1-0"]
[WhiteElo "2475"]
[BlackElo "2187"]
[TimeControl "180+1"]
[EndTime "11:03:46 PDT"]
[Termination "Snowflake won by checkmate"]

1. Nf3 f5 2. g3 Nf6 3. Bg2 g6 4. O-O Bg7 5. d3 O-O 6. c4 d6 7. Nc3 h6 8. Qc2 g5 9. b4 Qe8 10. Bb2 c6 11. b5 e5 12. a4 g4 13. Nd2 Be6 14. Rfe1 d5 15. bxc6 bxc6 16. cxd5 cxd5 17. Nb5 Na6 18. Bxe5 Rc8 19. Qb2 Qh5 20. e4 dxe4 21.
dxe4 f4 22. gxf4 g3 23. hxg3 Ng4 24. Bxg7 Qh2+ 25. Kf1 Rfd8 26. Rac1 Rxd2 27. Qxd2 Bc4+ 28. Rxc4 Rxc4 29. Ba1 Nc5 30. Qd5+ Kh7 31. Qf7# 1-0

[Event "*** SCC Grand Prix: Titled Tuesday Blitz"]
[Site "Chess.com"]
[Date "2020.09.29"]
[Round "6"]
[White "exoticprincess"]
[Black "horripile"]
[Result "1-0"]
[WhiteElo "2898"]
[BlackElo "2658"]
[TimeControl "180+1"]
[EndTime "11:03:49 PDT"]
[Termination "exoticprincess won by resignation"]

1. b3 d5 2. Bb2 Bg4 3. f3 Bh5 4. e3 f6 5. Nc3 e5 6. d4 Bf7 7. Qd2 exd4 8. exd4 c6 9. O-O-O Bd6 10. Bd3 Ne7 11. Nge2 Qc7 12. Kb1 Nd7 13. h4 h5 14. g4 O-O-O 15. Rdg1 g6 16. Na4 Rde8 17. Nc5 Nxc5 18. dxc5 Bxc5 19. Bxf6 Bxg1 20. Rxg1 Rhg8 21. Bg5 c5 22. Bf4 Qb6 23. Rd1 d4 24.
c4 Nc6 25. Ng3 Ne5 26. Ne4 Bxc4 27. Bxc4 Nxc4 28. Qc1 Rxe4 29. fxe4 Na3+ 30. Qxa3 Re8 1-0

[Event "*** SCC Grand Prix: Titled Tuesday Blitz"]
[Site "Chess.com"]
[Date "2020.09.29"]
[Round "6"]
[White "JuliaEfremova"]
[Black "Caterpiller35"]
[Result "0-1"]
[WhiteElo "2337"]
[BlackElo "2497"]
[TimeControl "180+1"]
[EndTime "11:03:53 PDT"]
[Termination "Caterpiller35 won by resignation"]

1. d4 Nf6 2. Bf4 d5 3. e3 c5 4. c3 Nc6 5. Nd2 Bf5 6. Ngf3 e6 7. Be2 h6 8. Ne5 Qb6 9. Qb3 c4 10. Qxb6 axb6 11. O-O b5 12. a3 Be7 13. f3 O-O 14. g4 Bh7 15. h4 Nxe5 16. Bxe5 Nd7 17.
Bg3 f5 18. Kh2 Nb6 19. b3 fxg4 20. fxg4 Rxa3 21. bxc4 Rxf1 22. Rxa3 Bxa3 23. Bxf1 bxc4 24. Nf3 Bc1 25. Bf2 Na4 26. Be1 Bxe3 27. Kg3 g5 28. hxg5 hxg5 29. Ne5 b5 30. Nc6 Be4 31. Be2 Kf7 32. Bd1 Nb2 33. Be2 Nd3 34. Bxd3 cxd3 35.
Ne5+ Ke8 0-1

[Event "*** SCC Grand Prix: Titled Tuesday Blitz"]
[Site "Chess.com"]
[Date "2020.09.29"]
[Round "6"]
[White "BikingBrian"]
[Black "Kotofeyca"]
[Result "0-1"]
[WhiteElo "2206"]
[BlackElo "2347"]
[TimeControl "180+1"]
[EndTime "11:03:53 PDT"]
[Termination "Kotofeyca won by resignation"]

1. d4 d5 2. Bf4 c6 3. e3 Nf6 4. c4 Bg4 5. Qb3 Qd7 6. Nc3 e6 7. h3 Bh5 8. g4 Bg6 9. Nf3 dxc4 10. Bxc4 Nd5 11. Ne5 Qc8 12. Nxd5 exd5 13. Be2 Nd7 14. Rc1 Nxe5 15. Bxe5 f6 16. Bg3 Be7 17.
Bf3 Qd7 18. h4 O-O 19. h5 Bf7 20. O-O f5 21. Qd1 fxg4 22. Bxg4 Be6 23. Bxe6+ Qxe6 24. Kh2 Qe4 25. Qc2 Qg4 26. Qd1 Rf3 27. Kg2 Raf8 28. h6 Bd6 29. hxg7 Kxg7 30. Rh1 Bxg3 31. Qd3 Rxf2+ 0-1

[Event "*** SCC Grand Prix: Titled Tuesday Blitz"]
[Site "Chess.com"]
[Date "2020.09.29"]
[Round "6"]
[White "Teidi96"]
[Black "WPWPWP-2015"]
[Result "0-1"]
[WhiteElo "2303"]
[BlackElo "2418"]
[TimeControl "180+1"]
[EndTime "11:03:55 PDT"]
[Termination "WPWPWP-2015 won by resignation"]

1. e4 c5 2. Nf3 d6 3. d4 cxd4 4. Nxd4 Nf6 5. Nc3 a6 6. Be3 e5 7. Nb3 Be7 8. Qd2 O-O 9. f3 h5 10. O-O-O Be6 11. Nd5 Bxd5 12. exd5 a5 13. a4 Nbd7 14.
Bb5 Nb6 15. Bxb6 Qxb6 16. Kb1 Ne8 17. Qe2 Nc7 18. Bd3 f5 19. f4 e4 20. Bb5 Nxb5 21.
Qxb5 Qxb5 22. axb5 Bf6 23. Nd4 g6 24. Ne6 Rfc8 25.
h3 a4 26. Rc1 a3 27. c3 Ra5 28. Nd4 axb2 29. Kxb2 Bxd4 30. cxd4 Rxb5+ 0-1

[Event "*** SCC Grand Prix: Titled Tuesday Blitz"]
[Site "Chess.com"]
[Date "2020.09.29"]
[Round "6"]
[White "RamyresCoelho"]
[Black "IsaacWiebe"]
[Result "1-0"]
[WhiteElo "2023"]
[BlackElo "2230"]
[TimeControl "180+1"]
[EndTime "11:03:56 PDT"]
[Termination "RamyresCoelho won by resignation"]

1. e4 e5 2. Nf3 Nc6 3. d4 exd4 4.
Bc4 Nf6 5. e5 d5 6. Bb5 Ne4 7.
Nxd4 Bd7 8. Bxc6 bxc6 9. O-O Be7 10. f3 Nc5 11. f4 O-O 12. f5 f6 13. e6 Be8 14. Nc3 Nb7 15. Qg4 c5 16. Bh6 g6 17.
Bxf8 Bxf8 18. Nf3 d4 19. Ne4 g5 20. Nfxg5 fxg5 21. f6 Bg6 22. Nxg5 Qd5 23. Rae1 Nd6 24. f7+ Kh8 25. e7 Bh6 26. f8=Q+ Bxf8 27. exf8=Q+ Rxf8 28. Rxf8+ Kg7 29. Ne6+ Kh6 30. Qh4+ Qh5 31. Qf4+ 1-0

[Event "*** SCC Grand Prix: Titled Tuesday Blitz"]
[Site "Chess.com"]
[Date "2020.09.29"]
[Round "6"]
[White "Kumi29"]
[Black "Sven_Tica"]
[Result "0-1"]
[WhiteElo "2407"]
[BlackElo "2663"]
[TimeControl "180+1"]
[EndTime "11:04:04 PDT"]
[Termination "Sven_Tica won by resignation"]

1. d4 d5 2. Nf3 e6 3. Bf4 Bd6 4.
Bg3 Qe7 5. e3 Bxg3 6. hxg3 Qb4+ 7. Nbd2 Qxb2 8. Bd3 Nf6 9. Rb1 Qa3 10. Ne5 Nbd7 11.
g4 Nxe5 12. dxe5 Nd7 13. f4 a6 14. e4 Nc5 15. exd5 Nxd3+ 16. cxd3 Qxd3 17. Qa4+ b5 18. Qb4 Qxd5 19. f5 Qxe5+ 20. Kf2 c5 21. Qb3 Qd4+ 22. Ke2 Bb7 23. fxe6 Qxg4+ 24. Nf3 Qxg2+ 25. Kd1 O-O-O+ 26. Kc1 Qxh1+ 27. Kb2 Qxf3 28. e7 Rd2+ 29. Ka1 Qf6+ 30. Rb2 Qxb2+ 31. Qxb2 Rxb2 32. Kxb2 Re8 0-1

[Event "*** SCC Grand Prix: Titled Tuesday Blitz"]
[Site "Chess.com"]
[Date "2020.09.29"]
[Round "6"]
[White "Radzio1987"]
[Black "Lion-Al-Messi"]
[Result "1-0"]
[WhiteElo "2821"]
[BlackElo "2527"]
[TimeControl "180+1"]
[EndTime "11:04:05 PDT"]
[Termination "Radzio1987 won by resignation"]

1. c4 c5 2. g3 Nc6 3. Bg2 g6 4. Nc3 Bg7 5. b3 Nh6 6. Bb2 O-O 7. e3 Nf5 8. Nge2 a6 9. O-O Rb8 10. d3 b5 11. Qd2 Ne5 12. Rab1 Bb7 13. Ne4 d5 14. Nxc5 Bc6 15. Nxa6 Rb6 16. Bxe5 Bxe5 17. Nb4 e6 18. cxd5 exd5 19. d4 Bg7 20. Nxc6 Rxc6 21.
Nc3 Qa5 22. b4 Qa6 23. a4 Rxc3 24. Qxc3 bxa4 25. b5 Qb6 26. Qb4 Ra8 27. Bxd5 Bf8 28. Qc4 Ra7 29. Qc6 Qxc6 30. bxc6 Nd6 31. Rfc1 Rc7 32.
Ra1 Nc8 33. Rxa4 Nb6 34. Ra5 Bd6 35. Rb5 Na4 36. Rb7 Rc8 37. Bxf7+ Kf8 38. Be6 Rc7 39. Rxc7 Bxc7 40. Bb3 Nb6 41. f4 Ke7 42. Kf2 Nc8 43. e4 Nd6 44. Kf3 Nb5 45. Rd1 Bb6 46. d5 Nd4+ 47. Rxd4 Bxd4 48. e5 1-0

[Event "*** SCC Grand Prix: Titled Tuesday Blitz"]
[Site "Chess.com"]
[Date "2020.09.29"]
[Round "6"]
[White "grunbergmihai"]
[Black "NotFischer"]
[Result "0-1"]
[WhiteElo "2454"]
[BlackElo "2304"]
[TimeControl "180+1"]
[EndTime "11:04:06 PDT"]
[Termination "NotFischer won by resignation"]

1. Nf3 d5 2. c4 e6 3. g3 Nf6 4.
Bg2 Be7 5. O-O O-O 6. d4 c6 7.
Qc2 Nbd7 8. Nc3 b6 9. e4 dxe4 10. Nxe4 Nxe4 11. Qxe4 Bb7 12. Rd1 Nf6 13. Qe2 Re8 14.
Ne5 Qc8 15. Bf4 c5 16. Bxb7 Qxb7 17. Rac1 cxd4 18. Rxd4 Bc5 19. Rd3 Rad8 20. h4 h6 21. b3 Rxd3 22. Qxd3 Ba3 23. Rd1 Be7 24. Qf3 Qxf3 25.
Nxf3 Rd8 26. Rxd8+ Bxd8 27. Ne5 Bc7 28. Nc6 Bxf4 29. gxf4 a5 30. Kg2 Ne4 31. Kf3 Nc3 32. Ne7+ Kf8 33. Nc8 Nxa2 34. Nxb6 Ke7 35. c5 Nc1 36. c6 Kd8 37. Nc4 Nxb3 38. Ke4 Kc7 39. Kd3 Kxc6 40. Kc3 a4 41. Ne5+ Kd5 42. Nxf7 Ke4 43.
Nd8 Nc5 44. Kb4 Nd3+ 45. Kxa4 Nxf4 46. Kb4 Kf3 47. Kc5 e5 48. Kd6 e4 49. Ke7 Kxf2 50. Nc6 e3 51. Nd4 g5 52. hxg5 hxg5 53. Kf6 g4 54.
Kf5 g3 55. Kxf4 g2 56. Nf3 e2 0-1

[Event "*** SCC Grand Prix: Titled Tuesday Blitz"]
[Site "Chess.com"]
[Date "2020.09.29"]
[Round "6"]
[White "Fandorine"]
[Black "Hikaru"]
[Result "1-0"]
[WhiteElo "2931"]
[BlackElo "3235"]
[TimeControl "180+1"]
[EndTime "11:04:07 PDT"]
[Termination "Fandorine won by resignation"]

1. e4 e5 2. Nf3 Nc6 3. Bc4 Bc5 4. d3 Nf6 5. Nbd2 a5 6. c3 d6 7. O-O O-O 8. Re1 h6 9. a4 Bb6 10. Nf1 Ne7 11. Ng3 Ng6 12. h3 c6 13.
Bb3 d5 14. exd5 Nxd5 15. Nh5 Re8 16. Qd2 Bf5 17. Nxg7 Kxg7 18. Qxh6+ Kg8 19. Bg5 Qd6 20. Nh4 Qe6 21. c4 Bxf2+ 22. Kxf2 Ndf4 23. Kg1 Nxd3 24. c5 1-0

[Event "*** SCC Grand Prix: Titled Tuesday Blitz"]
[Site "Chess.com"]
[Date "2020.09.29"]
[Round "6"]
[White "Zemerovv"]
[Black "Sesleria"]
[Result "1-0"]
[WhiteElo "2305"]
[BlackElo "2107"]
[TimeControl "180+1"]
[EndTime "11:04:07 PDT"]
[Termination "Zemerovv won by resignation"]

1. g3 Nf6 2. Bg2 d5 3. d3 g6 4. e3 Bg7 5. Ne2 O-O 6. h3 c6 7.
Nd2 Nbd7 8. g4 e5 9. Ng3 h6 10.
b3 a5 11. a4 Re8 12. Bb2 Nc5 13. Qe2 Qb6 14. O-O Qc7 15. Rab1 Ne6 16. Rbe1 Ng5 17.
Qd1 Bd7 18. f4 exf4 19. exf4 Qb6+ 20. Kh1 Nfe4 21. Ndxe4 Bxb2 22. fxg5 dxe4 23. Nxe4 hxg5 24. Qd2 Qd8 25. c3 Ba3 26. Nf6+ Kg7 27. Nxe8+ Bxe8 28. d4 Be7 29. Qe3 Bf6 30. Rf2 Bd7 31. Ref1 1-0

[Event "*** SCC Grand Prix: Titled Tuesday Blitz"]
[Site "Chess.com"]
[Date "2020.09.29"]
[Round "6"]
[White "goldenpuppy"]
[Black "Grineva_Marianna"]
[Result "1-0"]
[WhiteElo "2388"]
[BlackElo "2258"]
[TimeControl "180+1"]
[EndTime "11:04:08 PDT"]
[Termination "goldenpuppy won by resignation"]

1. e4 c5 2. Nf3 d6 3. d4 cxd4 4. Nxd4 Nf6 5. Nc3 a6 6. Be3 e5 7.
Nf3 h6 8. Bc4 Be7 9. O-O O-O 10.
Re1 Nbd7 11. Bb3 b5 12. Nh4 Bb7 13. Nf5 Nxe4 14. Qg4 Ng5 15. h4 h5 16. Nxe7+ Qxe7 17. Qxg5 Qf6 18. Rad1 Rfd8 19. Qxh5 b4 20. Rxd6 g6 21.
Rxf6 gxh5 22. Rxf7 bxc3 23. Rxd7+ Kh8 24. Rxb7 cxb2 25.
Bg5 Rd6 26. Bc4 Rc8 27. Bd3 e4 28. Rxe4 Rxd3 29. Bf6+ Kg8 30. Bxb2 Rd1+ 31. Kh2 Rd3 32. cxd3 Rd8 33. Ree7 1-0

[Event "*** SCC Grand Prix: Titled Tuesday Blitz"]
[Site "Chess.com"]
[Date "2020.09.29"]
[Round "6"]
[White "keepitcool9499"]
[Black "Anton_Demchenko"]
[Result "0-1"]
[WhiteElo "2616"]
[BlackElo "2823"]
[TimeControl "180+1"]
[EndTime "11:04:12 PDT"]
[Termination "Anton_Demchenko won by resignation"]

1. d4 Nf6 2. c4 g6 3. Nc3 Bg7 4. e4 d6 5. Nge2 O-O 6. f3 a6 7. Be3 Nbd7 8. Qd2 b5 9. Ng3 c6 10.
d5 b4 11. Nd1 a5 12. Bd3 Ne5 13. Be2 h5 14. O-O h4 15. Nh1 cxd5 16. cxd5 h3 17. g3 e6 18. dxe6 Bxe6 19. Nhf2 d5 20. f4 Nc4 21. Bxc4 dxc4 22. e5 Nd5 23. Bd4 Qc7 24. Ne3 Rfd8 25. Ne4 Nxe3 26. Qxe3 Qc6 27. Rf2 Qd5 28. Bb6 Rd7 29. Rd2 Qc6 30. Rxd7 Bxd7 31. Rd1 Bf5 32. Re1 Bxe4 33. Qxe4 Qxb6+ 34. Kh1 Rc8 35. e6 Qxe6 36. Qb1 Qd5+ 0-1

[Event "*** SCC Grand Prix: Titled Tuesday Blitz"]
[Site "Chess.com"]
[Date "2020.09.29"]
[Round "6"]
[White "DishonorOnYourCow"]
[Black "Harry_Rakkel"]
[Result "1-0"]
[WhiteElo "2416"]
[BlackElo "2561"]
[TimeControl "180+1"]
[EndTime "11:04:13 PDT"]
[Termination "DishonorOnYourCow won by resignation"]

1. d4 Nf6 2. c4 e6 3. Nf3 d5 4. Nc3 Nbd7 5. Bf4 dxc4 6. e3 Nd5 7. Bxc4 Nxf4 8. exf4 Nb6 9. Bb3 g6 10. d5 exd5 11. Qd4 f6 12. O-O-O c6 13. Rhe1+ Kf7 14.
Ng5+ Kg7 15. Ne6+ Bxe6 16. Rxe6 Bd6 17. Rde1 Rf8 18. f5 Be5 19. Qg4 Nd7 20. fxg6 hxg6 21. Bc2 g5 22. Qf5 Rh8 23. Qg6+ Kf8 24. R1xe5 fxe5 25. Qf5+ Nf6 26. Rxf6+ Ke8 27. Qg6+ Kd7 28. Rf7+ Kc8 29. Qe6+ Kb8 30. Qxe5+ Kc8 31. Bf5+ Qd7 1-0

[Event "*** SCC Grand Prix: Titled Tuesday Blitz"]
[Site "Chess.com"]
[Date "2020.09.29"]
[Round "6"]
[White "valeriocarnicelli"]
[Black "GiantThresher"]
[Result "1-0"]
[WhiteElo "2547"]
[BlackElo "2762"]
[TimeControl "180+1"]
[EndTime "11:04:19 PDT"]
[Termination "valeriocarnicelli won by resignation"]

1. e4 e6 2. d4 d5 3. Nc3 Bb4 4. e5 c5 5. a3 Bxc3+ 6. bxc3 Ne7 7. Qg4 O-O 8. Bd3 Nbc6 9. Nf3 f5 10. exf6 Rxf6 11. Bg5 e5 12. Qh4 e4 13. Bxf6 gxf6 14.
Qxf6 exd3 15. cxd3 cxd4 16. Nxd4 Nxd4 17. Qxd4 Nc6 18.
Qe3 Bf5 19. O-O Kh8 20. Rfe1 Qf6 21. d4 Rg8 22. g3 Be4 23. Ra2 Na5 24. f3 Nc4 25.
Qf2 Bxf3 26. Rf1 Rf8 27. Qe1 Qg7 28. Raf2 Nd6 29. Qe5 Qxe5 30. dxe5 Nc4 31. Rxf3 Rxf3 32. Rxf3 Kg7 33. e6 Ne5 34. Re3 Nc6 1-0

[Event "*** SCC Grand Prix: Titled Tuesday Blitz"]
[Site "Chess.com"]
[Date "2020.09.29"]
[Round "6"]
[White "renehp"]
[Black "Koksik_13"]
[Result "0-1"]
[WhiteElo "2467"]
[BlackElo "2660"]
[TimeControl "180+1"]
[EndTime "11:04:19 PDT"]
[Termination "Koksik_13 won by resignation"]

1. e4 e6 2. d4 d5 3. Nc3 Bb4 4. e5 c5 5. a3 Bxc3+ 6. bxc3 Ne7 7. Qg4 Qc7 8. Qxg7 Rg8 9. Qxh7 cxd4 10. Ne2 Nbc6 11.
f4 Bd7 12. Qd3 dxc3 13. Rb1 d4 14. h4 Nf5 15. h5 O-O-O 16. h6 Rg6 17. h7 Rh8 18. Rh3 f6 19. exf6 e5 20. Rh5 Rxf6 21. fxe5 Nxe5 22. Qe4 Bc6 23. Qf4 d3 24. Nxc3 dxc2 25.
Rb4 Qe7 26. Kd2 a5 27. Rxf5 Qd7+ 28. Rd4 Rxf5 29. Rxd7 Rxf4 30. Re7 Rxf1 31. Rxe5 Rf2+ 32. Ke3 Rxg2 33. Rg5 Rxg5 0-1

[Event "*** SCC Grand Prix: Titled Tuesday Blitz"]
[Site "Chess.com"]
[Date "2020.09.29"]
[Round "6"]
[White "PavelChernomordik"]
[Black "Nara_Kh"]
[Result "1-0"]
[WhiteElo "2315"]
[BlackElo "2388"]
[TimeControl "180+1"]
[EndTime "11:04:19 PDT"]
[Termination "PavelChernomordik won by checkmate"]

1. e4 c5 2. Nc3 d6 3. f4 g6 4. Nf3 Bg7 5. Bb5+ Bd7 6. Bxd7+ Qxd7 7. O-O Nc6 8. d3 e6 9. f5 exf5 10. exf5 O-O-O 11. fxg6 hxg6 12. Bf4 f5 13. Nb5 Bf8 14. c4 Nf6 15. Qa4 Kb8 16. b4 Nh5 17. Bg5 Be7 18.
Bxe7 Qxe7 19. Rfe1 Qf6 20. bxc5 dxc5 21. Ne5 a6 22.
Nxc6+ Qxc6 23. Nc3 Qxa4 24. Nxa4 Rxd3 25. Nxc5 Rd2 26.
Rab1 Nf4 27. Rxb7+ Kc8 28. Ree7 Rxg2+ 29. Kf1 Rgxh2 30.
Rbc7+ Kd8 31. Nb7# 1-0

[Event "*** SCC Grand Prix: Titled Tuesday Blitz"]
[Site "Chess.com"]
[Date "2020.09.29"]
[Round "6"]
[White "jamalm2"]
[Black "HouseOfDurin"]
[Result "0-1"]
[WhiteElo "1711"]
[BlackElo "2131"]
[TimeControl "180+1"]
[EndTime "11:04:19 PDT"]
[Termination "HouseOfDurin won by resignation"]

1. Nf3 c5 2. c4 Nc6 3. e3 e5 4. b3 g6 5. Bb2 Bg7 6. Be2 Nge7 7.
O-O O-O 8. Nc3 d5 9. Nxd5 Nxd5 10. cxd5 Qxd5 11. Bc4 Qd6 12. Ng5 b6 13. Ne4 Qe7 14. Nc3 Be6 15. Bd5 Rac8 16. Qf3 Nb4 17. Bxe6 Qxe6 18.
Rad1 Nd3 19. Ba1 Rfd8 20. e4 f5 21. Qh3 Nf4 22. exf5 Nxh3+ 23. gxh3 Qxf5 24. f4 exf4 25. Rf3 Bd4+ 26. Kg2 Re8 27. Rdf1 Bxc3 28. Bxc3 Re2+ 29.
Kh1 g5 30. h4 h6 31. hxg5 hxg5 32. Rg1 Kf7 33. h4 g4 34. Rff1 Qe4+ 0-1

[Event "*** SCC Grand Prix: Titled Tuesday Blitz"]
[Site "Chess.com"]
[Date "2020.09.29"]
[Round "6"]
[White "Ginger_GM"]
[Black "Rakesh"]
[Result "1-0"]
[WhiteElo "2693"]
[BlackElo "2429"]
[TimeControl "180+1"]
[EndTime "11:04:20 PDT"]
[Termination "Ginger_GM won by resignation"]

1. c4 e5 2. Nc3 Nc6 3. g3 Nf6 4. Bg2 d6 5. e4 Be6 6. d3 Qd7 7. Nd5 Be7 8. h3 O-O 9. Ne2 Ne8 10. g4 Nd8 11. O-O c6 12. Nxe7+ Qxe7 13. f4 exf4 14. Nxf4 Nf6 15. b3 Nd7 16. Bb2 a5 17. d4 f6 18. Qd3 a4 19. b4 a3 20. Bc3 b5 21.
cxb5 cxb5 22. Nxe6 Nxe6 23. Qxb5 Ng5 24. e5 dxe5 25. Bxa8 exd4 26. Bxd4 Nxh3+ 27. Kh2 Qd6+ 28. Kxh3 Rxa8 29. Rad1 h5 30. Qxh5 Rc8 31. Bc5 Qc6 32.
Qd5+ Qxd5 33. Rxd5 Ne5 34. Rfd1 Kf7 35. Kg3 Nc4 36.
Rd8 Rc6 37. R1d5 Re6 38. b5 Re2 39. b6 Nxb6 40. Bxb6 Rxa2 41. Rd2 Ra1 42. Rd1 Ra2 43. R8d2 1-0

[Event "*** SCC Grand Prix: Titled Tuesday Blitz"]
[Site "Chess.com"]
[Date "2020.09.29"]
[Round "6"]
[White "TC2304"]
[Black "sjam6687"]
[Result "0-1"]
[WhiteElo "2310"]
[BlackElo "2525"]
[TimeControl "180+1"]
[EndTime "11:04:20 PDT"]
[Termination "sjam6687 won by checkmate"]

1. d4 Nf6 2. Bg5 e6 3. e4 h6 4. Bxf6 Qxf6 5. c3 c5 6. Nf3 cxd4 7. cxd4 Bb4+ 8. Nc3 O-O 9. Bd3 d6 10. O-O Bxc3 11. bxc3 e5 12. Rb1 b6 13. a4 Nc6 14.
Bb5 Bb7 15. d5 Na5 16. Nd2 Rac8 17. Rc1 Rc7 18. Nb3 Nc4 19. a5 Rfc8 20. Qd3 Nxa5 21. Nxa5 bxa5 22. c4 Qd8 23. Rc3 Rc5 24. Ra1 Qc7 25.
Raa3 a6 26. Bc6 Bxc6 27. dxc6 Qxc6 28. f3 Rxc4 29. Rxc4 Qxc4 30. Qxd6 Qc1+ 31. Kf2 Rc2+ 32. Kg3 Qg5+ 33. Kh3 Qxg2+ 34. Kh4 Qxh2+ 35. Kg4 Qf4+ 36. Kh3 Rh2# 0-1